Workbook

Sheet Precificação
A1: PLANILHA DE PRECIFICAÇÃO — MERCADO LIVRE
A2: Preencha as colunas em branco. As colunas de margem, lucro e status calculam automaticamente.
A4: Nome do Produto | B4: Fornecedor | C4: Custo Produto (R$) | D4: Frete (R$) | E4: Embalagem (R$) | F4: Imposto (%) | G4: Taxa ML (%) | H4: ADS (%) | I4: Valor Venda (R$) | J4: Custo Total (R$) | K4: Margem Contribuição (R$) | L4: Margem Contribuição (%) | M4: Preço Mínimo p/ 20% Margem | N4: Status
A5: Produto 1 | B5: Fornecedor A | C5: 6 | D5: 6.76 | E5: 0 | F5: 7 | G5: 12 | H5: 0 | I5: 19.9 | J5: =IF(I5="","",C5+D5+E5+(I5*F5/100)+(I5*G5/100)+(I5*H5/100)) -> 16.541 | K5: =IF(I5="","",I5-J5) -> 3.359 | L5: =IF(I5="","",K5/I5) -> 0.16879397 | M5: =IF((100-F5-G5-H5-20)<=0,"Revisar %",(C5+D5+E5)/(1-(F5+G5+H5+20)/100)) -> 20.918033 | N5: =IF(I5="","",IF(K5<0,"PREJUÍZO",IF(L5<0.15,"MARGEM BAIXA",IF(L5<0.2,"ATENÇÃO","SAUDÁVEL")))) -> ATENÇÃO
A6: Produto 2 | B6: Fornecedor B | C6: 22 | D6: 10 | E6: 1.5 | F6: 7 | G6: 11.5 | H6: 3 | I6: 79.9 | J6: =IF(I6="","",C6+D6+E6+(I6*F6/100)+(I6*G6/100)+(I6*H6/100)) -> 50.6785 | K6: =IF(I6="","",I6-J6) -> 29.2215 | L6: =IF(I6="","",K6/I6) -> 0.36572591 | M6: =IF((100-F6-G6-H6-20)<=0,"Revisar %",(C6+D6+E6)/(1-(F6+G6+H6+20)/100)) -> 57.264957 | N6: =IF(I6="","",IF(K6<0,"PREJUÍZO",IF(L6<0.15,"MARGEM BAIXA",IF(L6<0.2,"ATENÇÃO","SAUDÁVEL")))) -> SAUDÁVEL
J7: =IF(I7="","",C7+D7+E7+(I7*F7/100)+(I7*G7/100)+(I7*H7/100)) | K7: =IF(I7="","",I7-J7) | L7: =IF(I7="","",K7/I7) | M7: =IF((100-F7-G7-H7-20)<=0,"Revisar %",(C7+D7+E7)/(1-(F7+G7+H7+20)/100)) -> 0 | N7: =IF(I7="","",IF(K7<0,"PREJUÍZO",IF(L7<0.15,"MARGEM BAIXA",IF(L7<0.2,"ATENÇÃO","SAUDÁVEL"))))
J8: =IF(I8="","",C8+D8+E8+(I8*F8/100)+(I8*G8/100)+(I8*H8/100)) | K8: =IF(I8="","",I8-J8) | L8: =IF(I8="","",K8/I8) | M8: =IF((100-F8-G8-H8-20)<=0,"Revisar %",(C8+D8+E8)/(1-(F8+G8+H8+20)/100)) -> 0 | N8: =IF(I8="","",IF(K8<0,"PREJUÍZO",IF(L8<0.15,"MARGEM BAIXA",IF(L8<0.2,"ATENÇÃO","SAUDÁVEL"))))
J9: =IF(I9="","",C9+D9+E9+(I9*F9/100)+(I9*G9/100)+(I9*H9/100)) | K9: =IF(I9="","",I9-J9) | L9: =IF(I9="","",K9/I9) | M9: =IF((100-F9-G9-H9-20)<=0,"Revisar %",(C9+D9+E9)/(1-(F9+G9+H9+20)/100)) -> 0 | N9: =IF(I9="","",IF(K9<0,"PREJUÍZO",IF(L9<0.15,"MARGEM BAIXA",IF(L9<0.2,"ATENÇÃO","SAUDÁVEL"))))
J10: =IF(I10="","",C10+D10+E10+(I10*F10/100)+(I10*G10/100)+(I10*H10/100)) | K10: =IF(I10="","",I10-J10) | L10: =IF(I10="","",K10/I10) | M10: =IF((100-F10-G10-H10-20)<=0,"Revisar %",(C10+D10+E10)/(1-(F10+G10+H10+20)/100)) -> 0 | N10: =IF(I10="","",IF(K10<0,"PREJUÍZO",IF(L10<0.15,"MARGEM BAIXA",IF(L10<0.2,"ATENÇÃO","SAUDÁVEL"))))
J11: =IF(I11="","",C11+D11+E11+(I11*F11/100)+(I11*G11/100)+(I11*H11/100)) | K11: =IF(I11="","",I11-J11) | L11: =IF(I11="","",K11/I11) | M11: =IF((100-F11-G11-H11-20)<=0,"Revisar %",(C11+D11+E11)/(1-(F11+G11+H11+20)/100)) -> 0 | N11: =IF(I11="","",IF(K11<0,"PREJUÍZO",IF(L11<0.15,"MARGEM BAIXA",IF(L11<0.2,"ATENÇÃO","SAUDÁVEL"))))
J12: =IF(I12="","",C12+D12+E12+(I12*F12/100)+(I12*G12/100)+(I12*H12/100)) | K12: =IF(I12="","",I12-J12) | L12: =IF(I12="","",K12/I12) | M12: =IF((100-F12-G12-H12-20)<=0,"Revisar %",(C12+D12+E12)/(1-(F12+G12+H12+20)/100)) -> 0 | N12: =IF(I12="","",IF(K12<0,"PREJUÍZO",IF(L12<0.15,"MARGEM BAIXA",IF(L12<0.2,"ATENÇÃO","SAUDÁVEL"))))
J13: =IF(I13="","",C13+D13+E13+(I13*F13/100)+(I13*G13/100)+(I13*H13/100)) | K13: =IF(I13="","",I13-J13) | L13: =IF(I13="","",K13/I13) | M13: =IF((100-F13-G13-H13-20)<=0,"Revisar %",(C13+D13+E13)/(1-(F13+G13+H13+20)/100)) -> 0 | N13: =IF(I13="","",IF(K13<0,"PREJUÍZO",IF(L13<0.15,"MARGEM BAIXA",IF(L13<0.2,"ATENÇÃO","SAUDÁVEL"))))
J14: =IF(I14="","",C14+D14+E14+(I14*F14/100)+(I14*G14/100)+(I14*H14/100)) | K14: =IF(I14="","",I14-J14) | L14: =IF(I14="","",K14/I14) | M14: =IF((100-F14-G14-H14-20)<=0,"Revisar %",(C14+D14+E14)/(1-(F14+G14+H14+20)/100)) -> 0 | N14: =IF(I14="","",IF(K14<0,"PREJUÍZO",IF(L14<0.15,"MARGEM BAIXA",IF(L14<0.2,"ATENÇÃO","SAUDÁVEL"))))
J15: =IF(I15="","",C15+D15+E15+(I15*F15/100)+(I15*G15/100)+(I15*H15/100)) | K15: =IF(I15="","",I15-J15) | L15: =IF(I15="","",K15/I15) | M15: =IF((100-F15-G15-H15-20)<=0,"Revisar %",(C15+D15+E15)/(1-(F15+G15+H15+20)/100)) -> 0 | N15: =IF(I15="","",IF(K15<0,"PREJUÍZO",IF(L15<0.15,"MARGEM BAIXA",IF(L15<0.2,"ATENÇÃO","SAUDÁVEL"))))
J16: =IF(I16="","",C16+D16+E16+(I16*F16/100)+(I16*G16/100)+(I16*H16/100)) | K16: =IF(I16="","",I16-J16) | L16: =IF(I16="","",K16/I16) | M16: =IF((100-F16-G16-H16-20)<=0,"Revisar %",(C16+D16+E16)/(1-(F16+G16+H16+20)/100)) -> 0 | N16: =IF(I16="","",IF(K16<0,"PREJUÍZO",IF(L16<0.15,"MARGEM BAIXA",IF(L16<0.2,"ATENÇÃO","SAUDÁVEL"))))
J17: =IF(I17="","",C17+D17+E17+(I17*F17/100)+(I17*G17/100)+(I17*H17/100)) | K17: =IF(I17="","",I17-J17) | L17: =IF(I17="","",K17/I17) | M17: =IF((100-F17-G17-H17-20)<=0,"Revisar %",(C17+D17+E17)/(1-(F17+G17+H17+20)/100)) -> 0 | N17: =IF(I17="","",IF(K17<0,"PREJUÍZO",IF(L17<0.15,"MARGEM BAIXA",IF(L17<0.2,"ATENÇÃO","SAUDÁVEL"))))
J18: =IF(I18="","",C18+D18+E18+(I18*F18/100)+(I18*G18/100)+(I18*H18/100)) | K18: =IF(I18="","",I18-J18) | L18: =IF(I18="","",K18/I18) | M18: =IF((100-F18-G18-H18-20)<=0,"Revisar %",(C18+D18+E18)/(1-(F18+G18+H18+20)/100)) -> 0 | N18: =IF(I18="","",IF(K18<0,"PREJUÍZO",IF(L18<0.15,"MARGEM BAIXA",IF(L18<0.2,"ATENÇÃO","SAUDÁVEL"))))
... J204: =IF(I204="","",C204+D204+E204+(I204*F204/100)+(I204*G204/100)+(I204*H204/100)) | K204: =IF(I204="","",I204-J204) | L204: =IF(I204="","",K204/I204) | M204: =IF((100-F204-G204-H204-20)<=0,"Revisar %",(C204+D204+E204)/(1-(F204+G204+H204+20)/100)) -> 0 | N204: =IF(I204="","",IF(K204<0,"PREJUÍZO",IF(L204<0.15,"MARGEM BAIXA",IF(L204<0.2,"ATENÇÃO","SAUDÁVEL"))))

Sheet Dashboard
A1: DASHBOARD DE PRECIFICAÇÃO
A3: Indicador | B3: Resultado | D3: Status | E3: Quantidade
A4: Produtos cadastrados | B4: =COUNTA(Precificação!A5:A204) -> 2 | D4: PREJUÍZO | E4: =COUNTIF(Precificação!N5:N204,D4) -> 0
A5: Preço médio de venda | B5: =IFERROR(SUMIF(Precificação!I5:I204,">0")/COUNTIF(Precificação!I5:I204,">0"),0) -> 49.9 | D5: MARGEM BAIXA | E5: =COUNTIF(Precificação!N5:N204,D5) -> 0
A6: Custo médio total | B6: =IFERROR(SUMIF(Precificação!J5:J204,">0")/COUNTIF(Precificação!J5:J204,">0"),0) -> 33.60975 | D6: ATENÇÃO | E6: =COUNTIF(Precificação!N5:N204,D6) -> 1
A7: Margem média R$ | B7: =IFERROR(SUMIF(Precificação!K5:K204,">0")/COUNTIF(Precificação!K5:K204,">0"),0) -> 16.29025 | D7: SAUDÁVEL | E7: =COUNTIF(Precificação!N5:N204,D7) -> 1
A8: Margem média % | B8: =IFERROR(SUMIF(Precificação!L5:L204,">-999")/COUNTIF(Precificação!L5:L204,">-999"),0) -> 0.26725994
A9: Produtos saudáveis | B9: =COUNTIF(Precificação!N5:N204,"SAUDÁVEL") -> 1
A12: Resumo operacional
A14: Como usar
A15: 1. Cadastre seus fornecedores na aba Fornecedores.
A16: 2. Preencha custos, frete, imposto, taxa ML, ADS e valor de venda na aba Precificação.
A17: 3. Veja margem, preço mínimo e status automaticamente.
A18: 4. Use a coluna Status para decidir se o produto vale entrar, ajustar preço ou descartar.

Sheet Fornecedores
A1: CADASTRO DE FORNECEDORES
A3: Fornecedor | B3: Contato | C3: Cidade/Estado | D3: Categoria | E3: Observações | F3: Status

Sheet Configurações
A1: CONFIGURAÇÕES DA PLANILHA
A3: Campo | B3: Valor padrão / instrução
A4: Imposto padrão (%) | B4: 7
A5: Taxa Mercado Livre padrão (%) | B5: 16
A6: Custo embalagem padrão (R$) | B6: 1.5
A7: ADS padrão (%) | B7: 0
A8: Margem saudável mínima (%) | B8: 20
A9: Preencha percentuais como número | B9: Exemplo: 7 para 7%
